 Dungeon Crawl Stone Soup version 0.28.0-43-g3370ac3207 (webtiles) character file.

Game seed: 9432908784722856818

4 adizb the Skirmisher (level 1, -4/18 HPs)
             Began as a Demonspawn Monk on Mar 13, 2022.
             Slain by a gnoll
             ... wielding a +0 whip
              (7 damage)
             ... on level 1 of the Dungeon.
             The game lasted 00:01:26 (388 turns).

adizb the Skirmisher (Demonspawn Monk)               Turns: 388, Time: 00:01:26

Health: -4/18      AC:  3    Str: 11    XL:     1   Next: 50%
Magic:  1/1        EV: 17    Int: 11    God:
Gold:   13         SH:  0    Dex: 15    Spells: 0/0 levels left

rFire   . . .      SeeInvis .   a - +0 mace
rCold   . . .      Faith    .   (no shield)
rNeg    . . .      Spirit   .   b - +0 robe
rPois   .          Reflect  .   (no helmet)
rElec   .          Harm     .   (no cloak)
rCorr   .          Rampage  .   g - +0 pair of gloves
Will    .....                   (no boots)
Stlth   ++........              (no amulet)
HPRegen 0.06/turn               c - +4 ring of evasion
MPRegen 0.07/turn               (no ring)

@: no status effects
A: no striking features
a: no special abilities


You were on level 1 of the Dungeon.
You visited 1 branch of the dungeon, and saw 1 of its levels.

You collected 13 gold pieces.

Inventory:

Hand Weapons
 a - a +0 mace (weapon)
Armour
 b - a +0 robe (worn)
 g - a +0 pair of gloves (worn)
Magical Staves
 d - a staff of conjuration
Jewellery
 c - a +4 ring of evasion (left hand)
Scrolls
 e - a scroll of immolation {unknown}
Potions
 f - a potion of degeneration {unknown}


   Skills:
 * Level 3.1 Fighting
 - Level 2.6 Maces & Flails
 + Level 0.2 Armour
 + Level 2.7 Dodging
 - Level 1.7 Stealth


You couldn't memorise any spells.
You didn't know any spells.
Your spell library was empty.

Dungeon Overview and Level Annotations

Branches:
Dungeon (1/15)

Altars:


Message History

You kill the ball python!
The goblin closely misses you.
You hit the goblin.
The goblin is moderately wounded.
The goblin barely misses you. The goblin hits you with a +0 club.
You closely miss the goblin.
The goblin is moderately wounded.
The goblin closely misses you.
You barely miss the goblin.
The goblin is moderately wounded.
The goblin misses you.
You barely miss the goblin.
The goblin is moderately wounded.
The goblin barely misses you.
You closely miss the goblin.
The goblin is moderately wounded.
The goblin misses you. x2
You barely miss the goblin. You punch the goblin.
You kill the goblin!
You see here a +0 club.
Found a dagger.
A gnoll comes into view. It is wielding a +0 whip.
The gnoll shouts!
You closely miss the gnoll. The gnoll closely misses you. x2
You barely miss the gnoll. The gnoll completely misses you.
You closely miss the gnoll. The gnoll hits you with a +0 whip.
You hit the gnoll.
The gnoll is lightly wounded.
The gnoll closely misses you.
You barely miss the gnoll.
The gnoll is lightly wounded.
The gnoll barely misses you. The gnoll hits you with a +0 whip!
You hit the gnoll.
The gnoll is moderately wounded.
The gnoll hits you with a +0 whip.
* * * LOW HITPOINT WARNING * * *
You hit the gnoll but do no damage.
The gnoll is moderately wounded.
The gnoll hits you with a +0 whip!
You die...

..###...........
........................#
...............#........#
.....#.#.......#........#
............##.#.†......#
...............##.).....#
.............####.......#
................g.......#
................@##.....#
####.......#.....##.....#
#.......#.....##.....# .
#.........###.##.....# .
#.......#####.#......#
####.............#......#
#.............####......#
#...#...................#
........................#


You could see a gnoll.

Vanquished Creatures
  A ball python (D:1)
  A goblin (D:1)
  2 kobolds (D:1)
4 creatures vanquished.

Vanquished Creatures (others)
  A plant (D:1)
  4 toadstools (D:1)
5 creatures vanquished.

Grand Total: 9 creatures vanquished

Notes
Turn   | Place    | Note
-------+----------+-------------------------------------------
     0 | D:1      | adizb the Demonspawn Monk began the quest for the Orb.
     0 | D:1      | Reached XP level 1. HP: 18/18 MP: 1/1
   388 | D:1      | Slain by a gnoll

Illustrated notes

Levels and vault maps discovered:
D:1:      ldierk_walled_garden_2, layout_basic, serial_curves, eino_curves_03,
          eino_curves_01, nicolae_grassy_gnolls

Action                   || total
-------------------------++-------
Melee: Mace              ||    18
       Punch             ||     1
 Stab: Sleeping          ||     1
Dodge: Dodged            ||    14
